 Dungeon Crawl Stone Soup version 0.30.1-4-g462c640d31 (webtiles) character file.

Game seed: 6170588762296280762

604 Stixsmaster the Poker (level 7, -2/61 HPs)
             Began as a Minotaur Berserker on Aug 19, 2023.
             Was a Priest of Trog.
             Slain by a black bear (5 damage)
             ... on level 4 of the Dungeon.
             The game lasted 00:06:23 (3280 turns).

Stixsmaster the Poker (Minotaur Berserker)          Turns: 3280, Time: 00:06:24

Health: -2/61      AC:  2    Str: 24    XL:     7   Next: 18%
Magic:  6/6        EV: 12    Int:  4    God:    Trog [***...]
Gold:   173        SH:  0    Dex:  9    Spells: 6/6 levels left

rFire   . . .        a - +0 spear
rCold   . . .        (no shield)
rNeg    . . .        b - +0 animal skin
rPois   .            (helmet restricted)
rElec   .            (no cloak)
rCorr   .            (no gloves)
SInv    .            (no boots)
Will    .....        (no amulet)
Stlth   ++           (no ring)
HPRegen 0.30/turn    (no ring)
MPRegen 0.10/turn

%: no passive effects
@: no status effects
A: horns 2, retaliatory headbutt
a: Renounce Religion, Berserk, Trog's Hand


You were on level 4 of the Dungeon.
You worshipped Trog.
Trog was most pleased with you.
You visited 1 branch of the dungeon, and saw 4 of its levels.

You collected 173 gold pieces.

Inventory:

Hand Weapons
 a - a +0 spear (weapon)
Armour
 b - a +0 animal skin (worn)
Jewellery
 n - an amulet of faith
Wands
 l - a wand of mindburst (18)
Scrolls
 c - a scroll of enchant armour {unknown}
 d - 2 scrolls of teleportation {unknown}
 e - a scroll of torment {unknown}
 g - 2 scrolls of magic mapping {unknown}
 h - 3 scrolls of identify {unknown}
 i - a scroll of immolation {unknown}
 m - a scroll of enchant weapon {unknown}
 o - a scroll of blinking {unknown}
 p - a scroll of noise {unknown}
 q - a scroll of vulnerability {unknown}
 r - a scroll of fog {unknown}
Potions
 j - 3 potions of degeneration
 k - a potion of resistance {unknown}


   Skills:
 + Level 5.6 Fighting
 + Level 6.6 Polearms
 + Level 2.9 Armour
 + Level 4.2 Dodging
 + Level 2.9 Stealth


You had 6 spell levels left.
You didn't know any spells.
Your spell library was empty.

Dungeon Overview and Level Annotations

Branches:
Dungeon (4/15)
 Temple: D:4-7

Altars:
Dithmenos
Gozag
Hepliaklqana
Zin
The Shining One

Annotations:
D:3 2 transporters, laros's ghost, amateur MiBe
D:4 Pikel


Innate Abilities, Weirdness & Mutations

You have a pair of horns on your head.
You reflexively headbutt those who attack you in melee.


Message History

Trog accepts your kill.
The black bear attacks as you move away!
The black bear bites you. The black bear claws you.
The black bear barely misses you.
The black bear attacks as you move away!
The black bear closely misses you.
The black bear claws you but does no damage. x2
The black bear attacks as you move away!
The black bear bites you. The black bear claws you.
The black bear closely misses you.
The black bear attacks as you move away!
The black bear barely misses you. The black bear closely misses you.
The black bear claws you but does no damage.
The black bear attacks as you move away!
The black bear bites you!
The black bear claws you but does no damage.
The black bear barely misses you.
The black bear attacks as you move away!
The black bear bites you.
* * * LOW HITPOINT WARNING * * *
The black bear misses you. The black bear barely misses you.
The black bear attacks as you move away!
The black bear bites you.
* * * LOW HITPOINT WARNING * * *
The black bear claws you but does no damage.
The black bear claws you.
* * * LOW HITPOINT WARNING * * *
You feel better. The black bear closely misses you.
The black bear completely misses you.
The black bear claws you but does no damage.
The black bear attacks as you move away!
The black bear bites you.
* * * LOW HITPOINT WARNING * * *
The black bear claws you.
* * * LOW HITPOINT WARNING * * *
The black bear barely misses you. The black bear bites you!
* * * LOW HITPOINT WARNING * * *
The black bear completely misses you. The black bear claws you.
You die...

#.........#
#.........#
##.##.##..#
########..5...#.##
##....#.....K.....#
#......5..###....##
##.....K...#.....#
#....5..#.#...h.##
#...##########.@.#
###..# #..## ###
.#...# ##.######
###.## .....#
##.#.##.###....##
.....#
+.........##....###
.###.#
+.........#.......#
.# #.#
#.................#
.# ..#
#............#...##
.5...#
#....##.....[.####


You could see Pikel, a black bear and a lemure.

Vanquished Creatures
  Sigmund (D:3)
  A phantom (D:4)
  A lemure (D:4)
  A scorpion (D:4)
  A hound (D:4)
  A jelly (D:4)
  A sleepcap (D:3)
  An iguana (D:4)
  Terence (D:3)
  8 adders
  An ufetubus (D:4)
  A worm (D:3)
  3 dart slugs
  An orc (D:3)
  4 ball pythons
  4 endoplasms
  4 giant cockroaches
  6 goblins
  4 hobgoblins
  3 jackals (D:1)
  7 kobolds
  7 quokkas
  8 bats
  4 frilled lizards
  5 rats
79 creatures vanquished.

Notes
Turn   | Place    | Note
-------+----------+-------------------------------------------
     0 | D:1      | Stixsmaster the Minotaur Berserker began the quest for the
                  | Orb.
     0 | D:1      | Reached XP level 1. HP: 19/19 MP: 0/0
    72 | D:1      | You fall into a shaft and drop 1 floor!
   245 | D:1      | Reached XP level 2. HP: 27/27 MP: 1/1
   307 | D:1      | Reached skill level 4 in Polearms
   941 | D:2      | Found a hazy altar of Hepliaklqana.
   969 | D:2      | Reached ** piety under Trog
   981 | D:2      | Reached XP level 3. HP: 33/33 MP: 2/2
  1625 | D:3      | Reached XP level 4. HP: 17/41 MP: 3/3
  1854 | D:3      | Found a transporter.
  1872 | D:3      | Noticed Sigmund
  1968 | D:3      | Noticed Terence
  1976 | D:3      | Killed Terence
  1977 | D:3      | Reached skill level 1 in Stealth
  2055 | D:3      | HP: 1/41 [Sigmund/magic dart (6)]
  2061 | D:3      | Killed Sigmund
  2062 | D:3      | Reached skill level 5 in Fighting
  2062 | D:3      | Reached skill level 5 in Polearms
  2062 | D:3      | Reached XP level 5. HP: 9/48 MP: 4/4
  2062 | D:3      | Reached XP level 6. HP: 10/56 MP: 5/5
  2251 | D:3      | Identified the +2 halberd of the Sixty-Six Lives {venom,
                  | rC++ SInv}
  2382 | D:3      | Found a transporter.
  2389 | D:3      | Noticed laros's ghost (amateur MiBe)
  2689 | D:3      | Reached skill level 6 in Polearms
  2859 | D:3      | Found a shadowy altar of Dithmenos.
  2990 | D:4      | Found a glowing golden altar of the Shining One.
  2990 | D:4      | Found an opulent altar of Gozag.
  3095 | D:4      | Reached XP level 7. HP: 61/61 MP: 6/6
  3101 | D:4      | Found a glowing silver altar of Zin.
  3115 | D:4      | Reached *** piety under Trog
  3193 | D:4      | Identified the +0 robe of Ciun {Int+3 Dex+5}
  3254 | D:4      | Noticed Pikel
  3280 | D:4      | HP: 3/61 [black bear (7)]
  3280 | D:4      | Slain by a black bear

Illustrated notes

Levels and vault maps discovered:
D:1:      co_arrival_square_in_a_square_in_a_square, layout_basic
D:2:      layout_basic, basic_altar, chequers_serial_rivers_small_a,
          nicolae_eternal_life
D:3:      layout_rooms, marbit_many_paths, gup_sewer_entry_bubbles,
          gammafunk_ghost_gnarly_gnolls, minmay_fractal_squares_5, uniq_sigmund,
          uniq_terence, uniq_crazy_yiuf_cottage
D:4:      layout_cave_pools, overflow_temple_1_default,
          gammafunk_temple_overflow_statue, chequers_mini_garden,
          kennysheep_generic_room_6, uniq_pikel

Skill      XL: |  1  2  3  4  5  6 |
---------------+-------------------+-----
Fighting       | 4 5 |  5.6
Polearms       | 4 5 6 |  6.6
Stealth        | 2 |  2.9
Dodging        | 3 4 |  4.2
Armour         | |  2.9

Action                     |  1- 3 |  4- 6 |  7- 9 || total
---------------------------+-------+-------+-------++-------
  Melee: Spear             |    73 |   121 |    14 ||   208
         Headbutt          |     6 |    17 |     6 ||    29
         Punch             |       |     1 |       ||     1
 Invoke: Berserk           |     1 |     3 |       ||     4
    Use: Potion            |       |     5 |     1 ||     6
   Stab: Sleeping          |     1 |     2 |       ||     3
         Invisible         |       |     1 |       ||     1
 Armour: Animal skin       |     6 |    17 |     6 ||    29
  Dodge: Dodged            |    21 |    71 |    24 ||   116
